Croesus, chaotic male elven Ranger @ Croesus the Trailblazer Experience level: 9 Strength: 17 Dexterity: 15 Constitution: 18 Intelligence: 13 Wisdom: 16 Charisma: 7 Health: 0(61) Energy: 80(80) Def: 21 Gold: 23 Moves: 19683 Dungeon seed: r6HbcDSR6iFDvQbp Game ID: Croesus_1562582254 Your Inventory: Weapons c - 19 uncursed +2 elven arrows d - an uncursed corroded +0 dagger of fire (weapon in hand) e - an uncursed +1 elven bow (alternate weapon; not wielded) p - a blessed +2 knife of searching and warning x - an uncursed +0 elven short sword J - an uncursed +2 knife of hunger, frost and lightning Z - 15 uncursed +0 arrows (in quiver) Armor n - an uncursed +0 dwarvish iron helm (being worn) q - an uncursed +0 dwarvish roundshield (being worn) r - an uncursed +0 cloak of protection (being worn) H - an uncursed +0 pair of iron shoes of carrying (being worn) Y - an uncursed +0 banded mail (being worn) Comestibles i - an uncursed female lizard corpse Rings o - an uncursed +2 ring of gain constitution (on left hand) S - a blessed +2 ring of protection (on right hand) Wands a - an uncursed wand of slow monster (0:5) f - a cursed wand of striking (0:1) g - an uncursed wand of teleportation (0:0) h - a cursed wand of opening (0:3) l - an uncursed wand of summoning (0:6) v - an uncursed wand of sleep (0:4) C - an uncursed wand of fire (0:4) P - an uncursed wand of light (0:13) Q - a cursed wand of undead turning (0:1) R - an uncursed wand of cold (0:4) U - an uncursed wand of polymorph (0:3) V - an uncursed wand of undead turning (0:6) W - a cursed wand of sleep (0:2) Tools b - an uncursed bag of holding k - an uncursed skeleton key m - an uncursed mirror s - an uncursed stethoscope u - an uncursed +0 unicorn horn w - an uncursed tin whistle T - an uncursed blindfold Gems y - an uncursed luckstone Coins $ - 23 gold pieces Contents of the bag of holding: a blessed +0 arrow 3 uncursed +1 darts 50 uncursed +0 darts 3 uncursed +0 elven arrows a blessed +1 elven dagger an uncursed +1 elven dagger 11 uncursed +0 shuriken an uncursed +0 sling an uncursed +0 mummy wrapping an uncursed +0 mummy wrapping an uncursed +0 pair of jumping boots an uncursed +0 pair of kicking boots 3 uncursed apples an uncursed cram ration an uncursed cream pie an uncursed female lizard corpse 2 uncursed lembas wafers an uncursed male lizard corpse a cursed male lizard corpse an uncursed mango an uncursed pear an uncursed sprig of wolfsbane an uncursed tin of female giant rat meat an uncursed tin of female troll meat an uncursed tin of male housecat meat an uncursed tripe ration 3 uncursed scrolls of amnesia an uncursed scroll of charging 2 uncursed scrolls of confuse monster a cursed scroll of destroy armor 4 uncursed scrolls of earth a cursed scroll of earth an uncursed scroll of enchant armor an uncursed scroll of enchant weapon a cursed scroll of enchant weapon an uncursed scroll of fire an uncursed scroll of genocide a cursed scroll of magic mapping a cursed scroll of remove curse an uncursed scroll of scare monster an uncursed scroll of scare monster 2 uncursed scrolls of summoning a cursed scroll of summoning 5 uncursed scrolls of teleportation an uncursed potion of booze an uncursed potion of confusion 2 uncursed potions of extra healing a blessed potion of hallucination a blessed potion of healing an uncursed potion of healing an uncursed potion of invisibility an uncursed potion of monster detection 2 uncursed potions of object detection an uncursed potion of restore ability an uncursed potion of see invisible a blessed potion of sickness an uncursed potion of sleeping 2 uncursed potions of water an uncursed potion of wonder an uncursed +2 ring of adornment an uncursed ring of free action an uncursed ring of levitation an uncursed ring of poison immunity an uncursed ring of warning an uncursed wand of digging (0:7) an uncursed wand of digging (0:7) an uncursed wand of digging (0:4) an uncursed wand of enlightenment (0:10) an uncursed wand of light (0:10) an uncursed wand of sleep (0:5) an uncursed wand of teleportation (0:4) a blessed can of grease (0:11) an uncursed magic marker (0:59) an uncursed mirror an uncursed +0 pick-axe an uncursed skeleton key a cursed skeleton key an uncursed tinning kit (0:77) an uncursed +0 unicorn horn an uncursed amethyst stone 2 uncursed flint stones an uncursed fluorite stone an uncursed jade stone an uncursed jet stone an uncursed luckstone an uncursed topaz stone an uncursed turquoise stone 9 uncursed worthless pieces of black glass 6 uncursed worthless pieces of blue glass 11 uncursed worthless pieces of green glass 5 uncursed worthless pieces of orange glass 9 uncursed worthless pieces of red glass 3 uncursed worthless pieces of violet glass 3 uncursed worthless pieces of white glass 3 uncursed worthless pieces of yellow glass 3 uncursed worthless pieces of yellowish brown glass 4740 gold pieces Spells and supernatural/magical abilities: Name Level Category Cost Memory e - charm monster 3 enchantment 3000pw 90% k - knock 1 matter 1000pw 92% m - magic missile 2 attack 2000pw 91% o - cone of cold 4 attack 4000pw 72% z - sleep 1 enchantment 1000pw 88% A - create familiar 3 clerical 3000pw 100% D - drain life 2 attack 2000pw 85% W - pray for help -- divine ? -- Your skills at the end: Fighting Skills wands [Basic] Weapon Skills dagger [Skilled] short sword [Basic] bow [Expert] Spellcasting Skills Final Attributes: You were piously aligned. You were fire resistant. You were cold resistant. You were immune to sleep. You were poison resistant. You saw invisible. You were telepathic. You had automatic searching. You had infravision. You were stealthy. You were swallowed by an air elemental. You were protected. You were fast. You were lucky. You had extra luck. Bad luck did not time out for you. Good luck did not time out for you. You last prayed 9293 turns ago. Mars was noncommittal. You are dead. Vanquished creatures: 2 storm giants a white dragon a golden naga 2 black puddings 3 giant mimics a large mimic 2 wumpuses a giant mummy 4 wargs 3 winter wolves 4 small mimics a glass piercer a xan 2 ettin mummies a quantum mechanic 3 trolls 2 sasquatches 2 gelatinous cubes a pyrolisk 5 large dogs 4 freezing spheres a flaming sphere 3 tigers 2 gargoyles 2 tengu 2 leocrottas a mountain centaur 2 stone giants 2 elf mummies 3 human mummies 2 cobras a wraith 3 carnivorous apes 2 incubi 2 chameleons 3 giant beetles 2 quivering blobs a cockatrice 17 wolves 6 winter wolf cubs a lynx a panther a spotted jelly 5 leprechauns 3 orc-captains 2 iron piercers 2 giant spiders a horse a black light 3 vampire bats a forest centaur 4 gnome kings a dwarf mummy 5 brown puddings an owlbear a yeti a werewolf 3 lizards a dog 2 dingos a housecat 3 jaguars a blue jelly 4 white unicorns 2 gray unicorns 3 ravens 3 plains centaurs a gnome mummy a snake 6 apes 2 rope golems 5 soldier ants 6 fire ants 3 bugbears a quasit a wood nymph 2 water nymphs a mountain nymph 15 Mordor orcs an Uruk-hai 16 orc shamans 5 rock piercers 3 rock moles 3 ponies 5 fog clouds 5 yellow lights 3 violet fungi 15 gnome lords 8 gnomish wizards 3 kobold mummies a golden naga hatchling 2 guardian naga hatchlings 6 gray oozes 2 barrow wights an elf zombie 3 ghouls 3 straw golems 5 giant ants a little dog a floating eye 2 kittens 16 dwarves a homunculus 16 hill orcs 11 rothes 2 rabid rats 5 centipedes 2 giant bats 7 monkeys 11 orc zombies a dwarf zombie 4 iguanas 8 killer bees 4 coyotes 2 gas spores 7 hobbits 3 manes 2 large kobolds 9 hobgoblins 8 giant rats 4 cave spiders 3 brown molds 2 yellow molds 50 gnomes 5 garter snakes 7 geckos 17 jackals 3 foxes 3 kobolds 10 goblins 7 sewer rats 11 grid bugs 6 bats 7 lichens 3 kobold zombies 19 newts 574 creatures vanquished. Voluntary challenges: You had been an atheist until turn 2763. You used a wielded weapon 778 times, starting on turn 218. You read items or engraved 59 times, starting on turn 1414. You never genocided any monsters. You never polymorphed an object. You changed form 2 times, starting on turn 10223. You used no wishes. You split 1 pudding, starting on turn 18710. You wrote Elbereth's name 6 times, starting on turn 10080. You never violated your personal moral code. Dungeon overview: The Dungeons of Doom: levels 1 to 12 Level 1 a vault a long staircase Level 2 a general store, some fountains, a vault Level 3 a fountain Level 4 stairs to The Gnomish Mines Level 5 an armor shop, a fountain Level 6 many fountains Level 7 a vault stairs to Sokoban Level 8 an altar to Mars Level 9 Level 10 a fountain, a sink Level 11 Level 12 <- You were here The Gnomish Mines: levels 5 to 12 Level 5 stairs to The Dungeons of Doom Level 6 Level 7 some shops, a temple to Mercury, some fountains, a sink Level 8 Level 9 Level 10 Level 11 Level 12 many altars to Moloch, some fountains Sokoban: levels 3 to 6 Level 3 Solved Level 4 Solved Level 5 Solved Level 6 Solved stairs to The Dungeons of Doom History has recorded: On T:1 you entered the Dungeons of Doom to retrieve the Amulet of Yendor! On T:533 you reached level 2 of The Dungeons of Doom. On T:811 you advanced to experience level 2. On T:1124 you reached level 3 of The Dungeons of Doom. On T:1339 you reached level 4 of The Dungeons of Doom. On T:1600 you reached level 1 of The Gnomish Mines. On T:1633 you reached level 5 of The Dungeons of Doom. On T:1638 you advanced to experience level 3. On T:1996 you reached level 6 of The Dungeons of Doom. On T:2073 you advanced to experience level 4. On T:2267 you advanced to experience level 5. On T:2489 you reached level 7 of The Dungeons of Doom. On T:2756 you reached level 8 of The Dungeons of Doom. On T:2875 you advanced to experience level 6. On T:3057 you reached level 4 of Sokoban. On T:3468 you reached level 3 of Sokoban. On T:4059 you reached level 2 of Sokoban. On T:4363 you reached level 1 of Sokoban. On T:4656 you advanced to experience level 7. On T:5941 you reached level 9 of The Dungeons of Doom. On T:6259 you reached level 2 of The Gnomish Mines. On T:6614 you reached level 3 of The Gnomish Mines. On T:6962 you advanced to experience level 8. On T:7168 you reached level 4 of The Gnomish Mines. On T:8711 you reached level 5 of The Gnomish Mines. On T:9544 you reached level 6 of The Gnomish Mines. On T:12126 you reached level 7 of The Gnomish Mines. On T:12976 you reached level 8 of The Gnomish Mines. On T:13566 you advanced to experience level 9. On T:17643 you reached level 10 of The Dungeons of Doom. On T:17815 you reached level 11 of The Dungeons of Doom. On T:19671 you reached level 12 of The Dungeons of Doom. Score breakdown: Gold: 4763 (12511 points) Experience: 9 levels (15756 points) Exploration: 12 levels ( 24.00%) (14214 points) Discoveries: 57 items ( 19.32%) (13187 points) Valuables value: (no points given unless you survive) Artifact value: 0 ( 0 points) Variety of kills: 136 monsters ( 35.79%) (17947 points) Turncount: 19683 turns (-3379 points) Survival: died (score multiplied by 80%) Total score: 56188 Latest messages: The ettin mummy hits! The earth elemental hits Sirius. The orc shaman casts a spell! The force bolt hits the elf-lord! The hobgoblin zaps a wand of sleep! The sleep ray hits the earth elemental! The sleep ray hits you! You don't feel sleepy. The sleep ray bounces! You miss the killer bee. The killer bee misses. The ettin mummy misses. The ettin mummy hits! The orc shaman casts a spell! The force bolt hits the elf-lord! The elf-lord resists! The hobgoblin zaps a wand of sleep! The sleep ray hits the earth elemental! The sleep ray hits you! You don't feel sleepy. The air elemental engulfs you! You are pummeled with debris! (3x) The weapon burns the air elemental! You hear some noises nearby. You are pummeled with debris! (3x) You die... Final status: Goodbye Croesus the Ranger, killed by an air elemental... You died in The Dungeons of Doom on dungeon level 12 with 56188 points, and 4763 pieces of gold, after 19683 moves. You were level 9 with a maximum of 61 hit points when you died.